 Dungeon Crawl Stone Soup version 0.26.1-11-gd32895ea62 (webtiles) character file.

Game seed: 10780049319002376135

327 ZappyNine the Cutter (level 6, 0/60 HPs)
             Began as a Kobold Berserker on July 5, 2021.
             Was a Believer of Trog.
             Slain by a gnoll
             ... wielding a +0 spear
              (7 damage)
             ... on level 4 of the Dungeon.
             The game lasted 00:03:08 (3823 turns).

ZappyNine the Cutter (Kobold Berserker)             Turns: 3823, Time: 00:03:08

Health: 0/60       AC:  2    Str: 14    XL:     6   Next: 79%
Magic:  6/6        EV: 15    Int:  9    God:    Trog [**....]
Gold:   128        SH:  0    Dex: 16    Spells: 5/5 levels left

rFire    . . .     SeeInvis .   j - +4 dagger
rCold    . . .     Faith    .   (shield restricted)
rNeg     . . .     Spirit   .   b - +0 animal skin
rPois    .         Reflect  .   (no helmet)
rElec    .         Harm     .   (no cloak)
rCorr    .         Rampage  .   (no gloves)
Will     ++...                  (no boots)
Stlth    ..........             (no amulet)
HPRegen  1.20/turn              (no ring)
MPRegen  0.10/turn              (no ring)

@: berserking, regenerating, very quick
A: small, nightstalker 3
a: Renounce Religion, Berserk, Trog's Hand


You were on level 4 of the Dungeon.
You worshipped Trog.
Trog was pleased with you.
You visited 1 branch of the dungeon, and saw 4 of its levels.

You collected 128 gold pieces.

Inventory:

Hand Weapons
 j - a +4 dagger (weapon)
Armour
 b - a +0 animal skin (worn)
Wands
 h - a wand of acid (6)
 l - a wand of random effects (13)
Scrolls
 a - 2 scrolls of blinking {unknown}
 c - 2 scrolls of remove curse {unknown}
 e - 2 scrolls of enchant armour {unknown}
 k - a scroll of amnesia {unknown}
Potions
 d - 2 potions of invisibility {unknown}
 f - a potion of lignification {unknown}
 g - a potion of magic {unknown}
 i - a potion of degeneration {unknown}
 m - a potion of haste {unknown}


   Skills:
 + Level 5.2 Fighting
 + Level 6.2 Short Blades
 - Level 1.5 Armour
 - Level 2.4 Dodging
 + Level 5.0 Stealth


You had 5 spell levels left.
You didn't know any spells.
Your spell library was empty.

Dungeon Overview and Level Annotations

Branches:
Dungeon (4/15)
 Temple: D:4-7

Altars:
Fedhas
Gozag
Nemelex Xobeh
Okawaru
Uskayaw


Innate Abilities, Weirdness & Mutations

You are small and have problems with some larger weapons.
You are completely attuned to the shadows.


Message History

You are too injured to fight recklessly!
You are too injured to fight recklessly!
You are too injured to fight recklessly!
You are too injured to fight recklessly!
You are too injured to fight recklessly!
You are too injured to fight recklessly!
You are too injured to fight recklessly!
You are too injured to fight recklessly!
Unknown command.
The gnoll hits you from afar with a +0 spear.
* * * LOW HITPOINT WARNING * * *
The gnoll closely misses you.
Your skin crawls.
You feel strong-willed.
The gnoll hits you from afar with a +0 spear!
* * * LOW HITPOINT WARNING * * *
A red film seems to cover your vision as you go berserk!
You feel yourself moving faster!
You feel mighty! The gnoll misses you.
The gnoll hits you from afar with a +0 spear!
You die...

..... ..... .....
.#.#. #.. ._..
#... . # ###..# .
#.###g.!# .
#..@gg.# .
#..##..# . #..#
#..## #.. ##..#
#.. .. #..##...
..# ##......# #.#
#......#####.#
#.............###
................#


You could see 3 gnolls.

Vanquished Creatures
  A bullfrog (D:4)
  A howler monkey (D:2)
  Ijyb (D:3)
  Natasha (thrice) (D:3)
  A worker ant (D:4)
  3 adders
  A worm (D:2)
  A dart slug (D:1)
  A leopard gecko (D:3)
  7 orcs
  4 giant cockroaches
  4 goblins
  7 hobgoblins
  11 jackals (D:3)
  2 quokkas (D:2)
  4 bats
  2 frilled lizards
  6 kobolds
  2 rats
62 creatures vanquished.

Notes
Turn   | Place    | Note
-------+----------+-------------------------------------------
     0 | D:1      | ZappyNine the Kobold Berserker began the quest for the Orb.
     0 | D:1      | Reached XP level 1. HP: 14/14 MP: 1/1
   161 | D:1      | Reached skill level 1 in Stealth
   218 | D:1      | Reached XP level 2. HP: 19/19 MP: 2/2
  1003 | D:2      | Noticed a howler monkey
  1007 | D:2      | Killed a howler monkey
  1008 | D:2      | Reached XP level 3. HP: 16/24 MP: 3/3
  1008 | D:2      | Reached XP level 4. HP: 19/29 MP: 4/4
  1524 | D:2      | Reached skill level 5 in Short Blades
  2038 | D:3      | Reached ** piety under Trog
  2050 | D:3      | Reached XP level 5. HP: 33/33 MP: 5/5
  2350 | D:3      | Noticed Natasha
  2353 | D:3      | Killed Natasha
  2533 | D:3      | Found a hide-covered altar of Uskayaw.
  2741 | D:3      | Noticed Natasha
  2751 | D:3      | Killed Natasha
  2975 | D:3      | Noticed Natasha
  2984 | D:3      | Killed Natasha
  2985 | D:3      | Reached XP level 6. HP: 40/40 MP: 6/6
  3089 | D:3      | Noticed Ijyb
  3097 | D:3      | Killed Ijyb
  3302 | D:3      | Found an iron altar of Okawaru.
  3491 | D:4      | Found a sparkling altar of Nemelex Xobeh.
  3661 | D:4      | Reached skill level 5 in Fighting
  3661 | D:4      | Reached skill level 6 in Short Blades
  3667 | D:4      | Found a blossoming altar of Fedhas.
  3670 | D:4      | Found an opulent altar of Gozag.
  3718 | D:4      | Reached skill level 5 in Stealth
  3823 | D:4      | Slain by a gnoll

Illustrated notes

Levels and vault maps discovered:
D:1:      amcnicky_arrival_feature_with_door, layout_loops_ring,
          grunt_decor_one_mirror, minmay_misc_feat_four_crosses
D:2:      layout_basic, wad_floor_pattern_untrapped
D:3:      layout_basic, general_overflow_altar, lemuel_crystal_altar,
          uniq_natasha, uniq_ijyb
D:4:      layout_layer_cave, lemuel_crystal_altar, grunt_gozag_breadcrumbs,
          minmay_overflow_temple_star_hex, gup_sewer_entry_spiral,
          kennysheep_decorative_pillar, nemelex_xobeh_ov_fountains_minmay

Skill      XL: |  1  2  3  4  5  6 |
---------------+-------------------+-----
Stealth        | 1 2 3 4 5 |  5.0
Fighting       | 4 5 |  5.2
Short Blades   | 5 6 |  6.2
Armour         | |  1.5
Dodging        | |  2.4

Action                   |  1- 3 |  4- 6 || total
-------------------------+-------+-------++-------
Melee: Short sword       |    32 |       ||    32
       Dagger            |     3 |   155 ||   158
Invok: Berserk           |       |     7 ||     7
       Trog's Hand       |       |     2 ||     2
 Stab: Sleeping          |     8 |    17 ||    25
Armor: Animal skin       |     2 |    13 ||    15
Dodge: Dodged            |    17 |    94 ||   111
